Map: Deathaura LE

Players

LiquidClem (Clem) - Winner!

  • Race: Terran Terran
  • Spawn Location: 5:00

Zest

  • Race: Protoss Protoss
  • Spawn Location: 11:00

Event: StayAtHomestory Cup #2

VOD

Have the link to the VOD?

Description

Time

  • Played on: June 13, 2020, 6:29 a.m.
  • Length: 14:30

All games in this series

Show
View Real Time Build Order
Export as new Build Order

LiquidClem Terran - Winner!

Build Orders: Reaper Expand 

Get SALT Encoding   

  12  0:00  SCV  
  13  0:13  SCV  
  14  0:17  Supply Depot  
  14  0:25  SCV  
  15  0:38  SCV  
  15  0:39  Barracks  
  16  0:43  Refinery  
  16  0:50  SCV  
  17  1:02  SCV  
  18  1:14  SCV  
  19  1:25  Reaper  
  19  1:27  Orbital Command  
  20  1:42  Command Center  
  20  1:48  Supply Depot  
  20  1:53  SCV  
  21  1:58  Marine  
  22  2:05  SCV  
  23  2:08  Factory  
  23  2:15  Bunker  
  23  2:17  SCV  
  23  2:22  Barracks Reactor  
  24  2:25  Refinery  
  24  2:29  SCV  
  25  2:42  SCV  
  26  2:54  SCV  
  26  2:55  Starport  
  26  2:56  Orbital Command  
  27  3:00  Hellion  
  27  3:03  Hellion  
  31  3:07  SCV, Barracks Tech Lab  
  33  3:20  SCV  
  33  3:22  SCV, Supply Depot  
  34  3:32  SCV, Marine x2  
  37  3:35  SCV  
  37  3:39  Factory Tech Lab  
  38  3:42  Raven  
  38  3:44  SCV  
  41  3:49  SCV  
  41  3:50  Barracks  
  41  3:51  Barracks  
  41  3:53  Supply Depot  
  41  3:54  Marine  
  43  3:56  Marine  
  43  3:59  SCV  
  43  4:01  SCV  
  46  4:11  SCV  
  46  4:12  Engineering Bay  
  46  4:13  SCV  
  46  4:14  Marine  
  46  4:15  Marine  
  50  4:18  Factory Reactor  
  50  4:23  Refinery  
  50  4:25  SCV, Supply Depot  
  50  4:26  SCV  
  52  4:32  Marine  
  52  4:37  SCV  
  52  4:38  SCV, Starport Reactor  
  55  4:44  Terran Infantry Weapons Level 1  
  55  4:45  Marine  
  56  4:49  SCV  
  56  4:51  Combat Shield, Stimpack  
  57  4:53  Marine  
  57  4:55  SCV, Marauder  
  59  5:00  Refinery  
  59  5:01  SCV, Supply Depot  
  59  5:03  Marauder  
  59  5:04  Marine  
  63  5:11  SCV, Marine  
  63  5:14  SCV  
  66  5:16  Marauder  
  68  5:22  Marine  
  68  5:23  Supply Depot  
  68  5:25  Marauder  
  68  5:27  SCV  
  68  5:28  Medivac x2  
  74  5:29  Marine  
  74  5:30  SCV  
  78  5:44  Marauder, Marine, Widow Mine x2  
  78  5:45  Supply Depot  
  78  5:47  Marine  
  86  5:54  Supply Depot  
  88  5:57  Command Center, Marauder  
  88  6:06  Medivac, Widow Mine x2  
  88  6:07  Medivac  
  88  6:08  Marine x2  
  98  6:12  Marauder  
  98  6:15  Supply Depot  
  100  6:19  Concussive Shells  
  100  6:21  Barracks  
  100  6:24  Barracks  
  100  6:27  Marauder  
  100  6:29  SCV  
  100  6:32  Marine x2  
  105  6:35  Marauder  
  107  6:41  Widow Mine x2  
  107  6:44  Medivac  
  110  6:48  SCV, Marine  
  110  6:51  Marine x2  
  103  6:56  Medivac, Marauder  
  103  6:58  SCV  
  103  7:00  SCV  
  107  7:01  Terran Infantry Armor Level 1  
  107  7:04  Supply Depot  
  106  7:08  Marauder  
  106  7:11  Marine x2, Barracks Tech Lab  
  106  7:12  Barracks Reactor  
  106  7:13  Widow Mine  
  106  7:15  Widow Mine  
  108  7:16  SCV  
  108  7:18  Marauder  
  108  7:19  SCV  
  113  7:28  SCV  
  113  7:29  Orbital Command  
  109  7:30  Marauder x2  
  109  7:32  SCV  
  109  7:35  Marine x2  
  114  7:39  Marauder  
  114  7:40  SCV  
  114  7:41  Missile Turret  
  118  7:44  SCV  
  118  7:49  Marine x2  
  120  7:52  SCV, Marauder, Widow Mine x2  
  120  7:53  Ghost Academy  
  120  7:54  Marauder  
  120  7:56  SCV  
  120  7:57  SCV  
  128  7:59  Marine  
  128  8:01  Marauder, Marine  
  128  8:04  SCV  
  132  8:08  Supply Depot  
  132  8:09  Medivac  
  132  8:10  Medivac  
  132  8:11  Marine x2  
  136  8:14  Marauder  
  136  8:16  Marauder  
  136  8:18  Widow Mine x2  
  136  8:21  Marine x2  
  136  8:22  Marauder  
  136  8:24  SCV  
  127  8:29  Marine x2  
  127  8:30  SCV  
  115  8:35  Marauder  
  115  8:37  Ghost  
  119  8:43  Marine x2  
  119  8:48  Ghost  
  121  8:50  Marine x2  
  125  8:55  SCV  
  125  9:01  SCV  
  125  9:02  SCV  
  126  9:08  SCV  
  126  9:09  Ghost x2  
  127  9:16  SCV  
  132  9:17  SCV  
  132  9:19  Marine x3  
  132  9:20  SCV  
  132  9:23  Engineering Bay  
  132  9:24  Armory  
  137  9:25  Widow Mine x2  
  137  9:28  SCV  
  137  9:29  SCV  
  143  9:31  Ghost  
  143  9:32  SCV  
  143  9:38  Supply Depot, Ghost  
  146  9:40  SCV, Refinery  
  146  9:41  Refinery, Marine x3  
  146  9:42  Marine  
  146  9:43  Marine  
  154  9:52  Command Center  
  154  9:58  Sensor Tower  
  154  10:04  Missile Turret, Marine x4  
  154  10:06  Missile Turret  
  158  10:08  Marauder x2  
  158  10:10  Marauder  
  158  10:11  SCV  
  165  10:20  Supply Depot  
  165  10:26  SCV, Supply Depot  
  165  10:32  SCV, Marauder  
  165  10:34  Widow Mine x2  
  172  10:36  Marauder  
  172  10:37  SCV  
  172  10:38  SCV  
  171  10:45  Marauder, Marine  
  171  10:47  Medivac x2  
  178  10:51  Enhanced Shockwaves, Supply Depot  
  178  10:53  Marine x4  
  181  11:02  Marauder  
  183  11:04  SCV, Starport  
  183  11:05  SCV  
  183  11:10  Marauder  
  185  11:17  Marauder  
  171  11:19  Missile Turret  
  171  11:23  Ghost  
  171  11:24  Liberator  
  165  11:30  Ghost  
  160  11:35  Missile Turret, Liberator  
  160  11:37  Missile Turret  
  132  11:53  Marauder  
  80  12:33  Orbital Command  
  74  12:59  SCV  
  75  13:13  Supply Depot  
  75  13:14  Starport Tech Lab  
  75  13:35  Supply Depot  
  75  13:58  Supply Depot  
Show
View Real Time Build Order
Export as new Build Order

Zest Protoss 

Build Orders: 1 Gate Expand, Blink Stalkers, Chargelot Immortal 

Get SALT Encoding   

  12  0:00  Probe  
  13  0:12  Probe  
  14  0:17  Pylon  
  14  0:24  Probe  
  15  0:32  Probe  
  15  0:37  Gateway  
  15  0:40  Probe  
  16  0:46  Assimilator  
  17  0:51  Probe  
  18  1:03  Probe  
  19  1:15  Probe  
  20  1:23  Cybernetics Core  
  20  1:32  Nexus  
  20  1:35  Probe  
  21  1:41  Pylon  
  22  1:47  Probe  
  22  1:49  Assimilator  
  22  1:50  Adept  
  22  1:59  Probe  
  25  2:01  Warp Gate  
  25  2:07  Probe  
  26  2:16  Probe  
  27  2:23  Twilight Council  
  27  2:25  Probe  
  28  2:32  Stalker  
  30  2:37  Probe  
  30  2:41  Blink  
  30  2:44  Probe, Gateway  
  31  2:49  Probe  
  33  2:57  Probe  
  34  3:01  Probe  
  35  3:09  Probe, Stalker  
  38  3:13  Probe  
  39  3:21  Probe  
  39  3:26  Probe  
  41  3:33  Probe  
  42  3:36  Robotics Facility  
  42  3:38  Probe  
  41  3:45  Probe  
  41  3:46  Nexus  
  42  3:50  Stalker  
  42  3:54  Stalker  
  46  3:58  Shield Battery  
  46  4:01  Pylon  
  46  4:17  Pylon  
  46  4:19  Probe x2, Assimilator  
  46  4:22  Stalker x2  
  52  4:25  Shield Battery, Observer  
  53  4:34  Pylon  
  53  4:35  Probe x2  
  53  4:37  Pylon  
  55  4:47  Probe x2  
  55  4:50  Stalker x2  
  55  4:51  Observer  
  61  4:55  Gateway  
  61  4:56  Gateway  
  62  5:00  Probe x2  
  62  5:02  Probe  
  62  5:06  Charge  
  65  5:08  Observer  
  65  5:11  Probe x2  
  65  5:12  Probe  
  68  5:16  Gateway x2  
  68  5:19  Probe x2  
  68  5:20  Probe  
  69  5:23  Immortal  
  69  5:25  Gateway  
  69  5:26  Observer  
  69  5:27  Probe x2  
  72  5:31  Probe  
  79  5:38  Pylon  
  79  5:39  Probe, Sentry  
  79  5:42  Pylon  
  81  5:55  Immortal, Pylon  
  81  5:57  Probe x2  
  81  5:59  Pylon  
  81  6:00  Gateway  
  81  6:01  Gateway  
  81  6:03  Pylon  
  87  6:07  Sentry  
  89  6:15  Sentry, Gateway  
  89  6:16  Zealot x3  
  97  6:22  Probe  
  98  6:26  Assimilator  
  98  6:27  Stalker, Shield Battery  
  98  6:28  Stalker  
  102  6:37  Stalker x2  
  106  6:43  Zealot x3  
  104  6:50  Observer  
  104  6:51  Warp Prism  
  98  6:57  Zealot x4  
  104  7:02  Stalker x2  
  108  7:10  Pylon  
  108  7:13  Zealot  
  108  7:14  Zealot x2  
  114  7:27  Stalker x5  
  114  7:28  Stalker  
  120  7:31  Probe x3  
  123  7:39  Shield Battery  
  123  7:43  Probe  
  124  7:46  Pylon  
  124  7:47  Stalker  
  124  7:48  Stalker x3  
  124  7:49  Forge  
  132  7:57  Sentry, Zealot x3  
  140  8:04  Protoss Ground Weapons Level 1  
  138  8:11  Pylon  
  138  8:13  Pylon  
  118  8:20  Zealot x8  
  118  8:24  Zealot x2  
  88  8:42  Sentry, Zealot x6  
  88  8:43  Zealot  
  103  8:52  Probe x3  
  103  8:57  Immortal  
  103  9:01  Zealot x2  
  110  9:10  Stalker x2  
  114  9:18  Dark Shrine, Observer  
  114  9:22  Observer  
  114  9:32  Observer  
  114  9:35  Zealot x9, Assimilator  
  114  9:36  Zealot  
  135  9:46  Pylon  
  135  9:49  Immortal  
  139  10:02  Observer  
  139  10:15  Zealot  
  139  10:16  Zealot x9  
  159  10:22  Pylon  
  159  10:24  Pylon  
  159  10:26  Immortal  
  155  10:49  Zealot x5  
  153  11:02  Dark Templar  
  153  11:03  Dark Templar x4  
  167  11:18  Archon  
  129  11:28  Stalker x5  
  138  11:42  Dark Templar x4  
  142  12:00  Archon x2  
  140  12:05  Zealot x2  
  140  12:06  Stalker x2  
  117  12:53  Observer  
  117  12:55  Observer  
  116  13:07  Nexus  
  116  13:12  Pylon  
  116  13:16  Pylon  
  116  13:22  Observer  
  116  13:24  Observer  
  116  13:30  Observer  
  116  13:39  Cybernetics Core  
Tags
 
Add a new tag
Caveats
  • Supply blocks, unpowered buildings, or Contaminate may cause inaccurate times.
  • Supply counts are checked every 10 seconds.